 Dungeon Crawl Stone Soup version 0.32-a0-909-gc671339 (webtiles) character file.

Game seed: 16735373286590655973

254 Snowdude the Firebug (level 5, -30/28 HPs)
             Began as a Deep Elf Fire Elementalist on Apr 6, 2024.
             Killed by an exploding Ijyb (35 damage)
             ... ignited by their inner flame
             ... on level 3 of the Dungeon.
             The game lasted 00:12:15 (3577 turns).

Snowdude the Firebug (Deep Elf Fire Elementalist)   Turns: 3577, Time: 00:12:16

Health: -30/28     AC:  2    Str:  5    XL:     5   Next: 91%
Magic:  4/14       EV: 12    Int: 22    God:
Gold:   164        SH:  0    Dex: 15    Spells: 8/14 levels left

rFire   . . .        l - +1 dagger (venom)
rCold   . . .        (no shield)
rNeg    . . .        a - +0 robe
rPois   .            (no helmet)
rElec   .            o - scarf {+Inv}
rCorr   .            (no gloves)
SInv    .            (no boots)
Will    .....        (no amulet)
Stlth   ++           (no ring)
HPRegen 0.24/turn    (no ring)
MPRegen 0.14/turn

%: no passive effects
@: no status effects
A: no striking features
a: Evoke Invisibility


You were on level 3 of the Dungeon.
You visited 1 branch of the dungeon, and saw 4 of its levels.

You collected 164 gold pieces.

Inventory:

Hand Weapons
 l - a +1 dagger of venom (weapon)
Armour
 a - a +0 robe (worn)
 m - a +0 pair of boots
 o - a scarf of invisibility (worn)
Jewellery
 c - a +6 ring of dexterity
 h - a +4 ring of protection
 q - the ring "Xumn" {rN+ rCorr Int+2}
   (You found it on level 3 of the Dungeon)

   [ring of positive energy]

   Int+2:     It affects your intelligence (+2).
   rN+:       It protects you from negative energy.
   rCorr:     It protects you from acid and corrosion.
Scrolls
 b - a scroll of immolation {unknown}
 d - 2 scrolls of enchant armour {unknown}
 e - a scroll of revelation {unknown}
 f - a scroll of poison {unknown}
 j - a scroll of teleportation {unknown}
 p - a scroll of identify {unknown}
Potions
 g - 2 potions of heal wounds {unknown}
 i - 5 potions of curing {unknown}
 k - a potion of lignification {unknown}
 n - a potion of brilliance {unknown}


   Skills:
 + Level 3.0 Dodging
 + Level 3.3 Stealth
 + Level 5.1 Spellcasting
 + Level 2.1 Conjurations
 + Level 0.1 Hexes
 + Level 5.4 Fire Magic


You had 8 spell levels left.
You knew the following spells:

 Your Spells              Type           Power      Damage    Failure   Level
a - Foxfire               Conj/Fire      88%        2x1d8     1%          1
b - Inner Flame           Hex/Fire       17%        N/A       10%         3
c - Scorch                Fire           58%        2d7       1%          2

Your spell library contained the following spells:

 Spells                   Type           Power      Damage    Failure   Level
 Volatile Blastmotes      Fire/Tloc      34%        2d12      10%         3
 Flame Wave               Conj/Fire      22%        2d8       21%         4


Dungeon Overview and Level Annotations

Branches:
Dungeon (4/15)
 Temple: D:4-7

Altars:
Nemelex Xobeh
Xom


Message History

You hear a shout!
Casting: Foxfire (safe; 1% risk of failure)
Confirm with . or Enter, or press ? or * to list all spells.
You conjure some foxfire!
Casting: Foxfire (safe; 1% risk of failure)
Confirm with . or Enter, or press ? or * to list all spells.
You can't see any susceptible monsters within range! (Use Z to cast anyway.)
Casting: Foxfire (safe; 1% risk of failure)
Confirm with . or Enter, or press ? or * to list all spells.
You don't know that spell.
Casting: Foxfire (safe; 1% risk of failure)
Confirm with . or Enter, or press ? or * to list all spells.
Okay, then.
Casting: Foxfire (safe; 1% risk of failure)
Confirm with . or Enter, or press ? or * to list all spells.
You can't see any susceptible monsters within range! (Use Z to cast anyway.) Unknown command.
Casting: Foxfire (safe; 1% risk of failure)
Confirm with . or Enter, or press ? or * to list all spells.
Okay, then.
The foxfire hits Ijyb but does no damage. x2
Ijyb zaps a wand.
Space twists violently!
The rupture engulfs you!
You blink.
* * * LOW HITPOINT WARNING * * *
You hear a shout!
Casting: Foxfire (safe; 1% risk of failure)
Confirm with . or Enter, or press ? or * to list all spells.
Flames lash Ijyb.
Flame seeps out of Ijyb.
Ijyb is lightly wounded.
Ijyb's fire resistance burns away.
Ijyb is engulfed in blazing flames.
Flame seeps out of Ijyb.
Casting: Scorch (safe; 1% risk of failure)
Confirm with . or Enter, or press ? or * to list all spells.
Flames lash Ijyb.
Ijyb is burned terribly!
Flame seeps out of Ijyb.
Ijyb is heavily wounded.
A goblin comes into view. It is wielding a +0 dagger.
Ijyb is engulfed in blazing flames.
Ijyb explodes!
The fiery explosion engulfs you!!
Ouch! That really hurt!
You die...

...#
#########.#.#
...# #.#.#
...#
#########.#.#
...#
............#
...#
............#
...#
............#
##..........##
#.......○§§.#
#........○@.#
#........§§.#
#v..........#
##....g######
#........
#.........
#..........
+...........
#....[...g..#


You could see a goblin.

Vanquished Creatures
  A jelly (D:4)
  Ijyb (D:3)
  6 adders
  9 gnolls (D:4)
  4 dart slugs
  9 bats
  7 endoplasms
  A giant cockroach (D:3)
  6 goblins
  2 hobgoblins (D:1)
  14 jackals
  2 quokkas (D:2)
  5 ball pythons
  2 frilled lizards
  4 kobolds
  3 rats (D:2)
76 creatures vanquished.

Vanquished Creatures (collateral kills)
  10 foxfires (D:1)
10 creatures vanquished.

Vanquished Creatures (others)
  224 foxfires
224 creatures vanquished.

Grand Total: 310 creatures vanquished

Notes
Turn   | Place    | Note
-------+----------+-------------------------------------------
     0 | D:1      | Snowdude the Deep Elf Fire Elementalist began the quest for
                  | the Orb.
     0 | D:1      | Reached XP level 1. HP: 10/10 MP: 6/6
   232 | D:1      | Reached XP level 2. HP: 15/15 MP: 4/8
  1036 | D:1      | Reached XP level 3. HP: 19/19 MP: 6/9
  1610 | D:2      | Reached XP level 4. HP: 24/24 MP: 8/12
  1710 | D:2      | HP: 1/24 [jackal (2)]
  1887 | D:2      | Learned a level 3 spell: Inner Flame
  1979 | D:2      | Learned a level 2 spell: Scorch
  2588 | D:3      | Noticed Ijyb
  2772 | D:4      | Found a sparkling altar of Nemelex Xobeh.
  2892 | D:4      | Reached skill level 5 in Fire Magic
  2892 | D:4      | Reached XP level 5. HP: 20/28 MP: 1/13
  3007 | D:4      | Found a shimmering altar of Xom.
  3158 | D:4      | Reached skill level 5 in Spellcasting
  3484 | D:3      | Identified the ring "Xumn" {rN+ rCorr Int+2}
  3577 | D:3      | Killed Ijyb
  3577 | D:3      | Killed by an exploding Ijyb... ignited by their inner flame

Illustrated notes

Levels and vault maps discovered:
D:1:      roderic_crop_circles_arrival_small, layout_basic
D:2:      layout_basic, roderic_serpentine_path, bh_walls_and_bars
D:3:      layout_basic, ebering_ghost_disaster_area,
          hellmonk_ecumenical_altar_blasted, uniq_sigmund, uniq_ijyb
D:4:      layout_gridville, mainiacjoe_overflow_catwalk,
          nemelex_spade_bored_becter, minmay_temple_entry_waves, nicolae_titane

Skill      XL: |  1  2  3  4  5 |
---------------+----------------+-----
Stealth        | 3 |  3.3
Spellcasting   | 4 5 |  5.1
Fire Magic     | 5 |  5.4
Dodging        | 3 |  3.0
Conjurations   | 2 |  2.1
Hexes          | |  0.1

Action                     |  1- 3 |  4- 6 || total
---------------------------+-------+-------++-------
  Melee: Dagger            |       |     3 ||     3
   Cast: Foxfire           |    77 |    69 ||   146
         Scorch            |       |    17 ||    17
         Inner Flame       |       |     9 ||     9
    Use: Potion            |       |     1 ||     1
 Armour: Robe              |    15 |    36 ||    51
  Dodge: Dodged            |    17 |    32 ||    49

Table legend: (Time is in decaauts)
 A = Elapsed time spent in this place.
 B = Non-inter-level travel time spent in this place.
 C = Inter-level travel time spent in this place.
 D = Time resting spent in this place.
 E = Time spent auto-exploring this place.
 F = Levels seen in this place.
 G = Mean time per level.
                   A        B        C        D        E       F      G
               +--------+--------+--------+--------+--------+-----+--------+
         Total |   3575 |   3502 |     73 |    194 |   2842 |   4 |  893.8 |
       Dungeon |   3575 |   3502 |     73 |    194 |   2842 |   4 |  893.8 |
               +--------+--------+--------+--------+--------+-----+--------+

Top non-repeatable levels by time:
     D:2: 1370 daAuts
     D:1: 1271 daAuts
     D:4: 555 daAuts
     D:3: 378 daAuts
